Map: Abiogenesis LE

Players

APX - Winner!

  • Race: Terran Terran
  • Spawn Location: 11:00

A.I. 1 (Easy)

  • Race: Terran Terran
  • Spawn Location: 5:00

VOD

Have the link to the VOD?

Description

Time

  • Played on: Feb. 13, 2018, 2:15 p.m.
  • Length: 16:08
Show
View Real Time Build Order
Export as new Build Order

APX Terran - Winner!

Build Orders: MMM Bio 

Get SALT Encoding   

  12  0:06  SCV  
  13  0:18  SCV  
  14  0:21  Supply Depot  
  14  0:30  SCV  
  15  0:43  SCV  
  15  0:47  Barracks  
  16  0:50  Refinery  
  16  0:55  SCV  
  17  1:07  SCV  
  18  1:19  SCV  
  19  1:37  Orbital Command  
  19  1:41  Barracks Reactor  
  19  1:57  Command Center  
  19  2:08  Barracks  
  19  2:18  Marine  
  19  2:19  Marine  
  21  2:40  Supply Depot  
  21  2:47  Marine  
  21  2:48  Marine  
  23  2:52  Barracks  
  23  2:56  Barracks Tech Lab  
  23  3:05  Marine  
  23  3:08  Factory  
  24  3:13  SCV  
  24  3:19  Stimpack  
  25  3:22  Marine  
  26  3:38  Supply Depot  
  26  3:56  Starport, Factory Reactor  
  26  4:02  Supply Depot  
  26  4:04  Engineering Bay  
  26  4:14  Refinery  
  26  4:15  SCV  
  27  4:24  Supply Depot  
  27  4:27  Orbital Command, SCV  
  28  4:35  Medivac  
  30  4:39  SCV  
  30  4:44  Barracks Reactor  
  31  5:00  SCV  
  31  5:06  SCV  
  33  5:12  Hellion x2, SCV  
  38  5:18  SCV  
  39  5:21  Combat Shields  
  39  5:25  SCV  
  40  5:30  SCV  
  40  5:35  Medivac  
  43  5:37  SCV  
  43  5:42  SCV  
  45  5:49  Supply Depot, SCV  
  46  5:54  SCV  
  43  6:22  Widow Mine x2  
  47  6:31  Starport Tech Lab  
  47  6:39  Terran Infantry Weapons Level 1, Starport  
  47  6:43  Engineering Bay  
  47  6:44  Widow Mine x2  
  51  6:56  Factory  
  49  7:52  Siege Tank  
  49  7:58  Marine x4  
  54  8:03  Starport Tech Lab  
  56  8:07  Terran Infantry Armor Level 1, Refinery  
  56  8:11  High Capacity Fuel Tanks  
  56  8:21  Command Center  
  56  8:24  Siege Tank  
  59  8:39  Marine x3  
  59  8:40  Marine  
  63  8:44  Medivac  
  65  8:50  Refinery  
  65  8:57  Marine  
  66  9:28  Factory Tech Lab  
  66  9:43  Armory  
  66  9:49  Armory  
  66  10:03  SCV  
  67  10:11  Refinery  
  67  10:15  SCV  
  68  10:27  SCV  
  55  10:40  SCV  
  56  10:52  SCV  
  56  10:53  Marine x3  
  56  10:54  Marine  
  56  10:56  Medivac  
  63  10:57  Medivac  
  63  10:59  Terran Infantry Weapons Level 2  
  63  11:00  Terran Infantry Armor Level 2  
  65  11:04  Terran Vehicle Weapons Level 1  
  65  11:05  Terran Vehicle And Ship Armor Level 1  
  65  11:10  Marine  
  65  11:11  Siege Tank, Marine x2  
  70  11:12  Marine  
  72  11:20  Orbital Command  
  72  11:23  SCV  
  73  11:26  Medivac  
  73  11:27  Medivac  
  73  11:28  Marine  
  78  11:35  SCV  
  79  11:43  Siege Tank  
  82  11:47  SCV  
  83  11:56  Medivac  
  83  11:59  SCV  
  86  12:11  SCV  
  87  12:29  Marine x4  
  87  12:33  Siege Tank  
  91  12:46  Supply Depot  
  91  12:47  Marine x2  
  93  12:56  Supply Depot  
  93  13:07  Banshee x2, Marine x2  
  93  13:08  Supply Depot x2  
  93  13:10  Supply Depot x2  
  93  13:11  Supply Depot  
  101  13:18  Siege Tank, Marine x2  
  106  13:20  Supply Depot  
  106  13:25  Marine x2  
  108  13:32  Supply Depot  
  108  13:33  Supply Depot  
  108  13:35  Hyperflight Rotors  
  108  13:36  Cloaking Field, Marine x2  
  110  13:42  Supply Depot  
  110  13:43  Marine  
  111  13:50  Siege Tank, Banshee x2  
  111  13:53  Marine  
  121  13:56  Supply Depot  
  122  14:02  SCV  
  122  14:06  Supply Depot, SCV  
  123  14:15  SCV  
  124  14:18  Supply Depot, SCV  
  125  14:27  SCV  
  125  14:30  SCV  
  127  14:32  Supply Depot  
  127  14:33  Banshee, Marine  
  127  14:34  Marine x3  
  127  14:37  Thor  
  140  14:39  SCV  
  140  14:40  Banshee  
  140  14:41  Supply Depot  
  140  14:42  SCV  
  145  14:51  Marine, SCV  
  147  14:54  SCV  
  147  14:55  Supply Depot  
  148  15:15  Banshee  
  148  15:20  Thor  
Show
View Real Time Build Order
Export as new Build Order

A.I. 1 (Easy) Terran 

Build Orders:  

Get SALT Encoding   

  12  0:00  SCV  
  13  0:13  SCV  
  14  0:19  Supply Depot  
  14  0:25  SCV  
  15  0:40  SCV  
  16  0:43  Barracks  
  16  0:45  Refinery  
  16  1:10  Supply Depot  
  16  1:21  Refinery  
  16  1:30  Marine  
  16  1:32  Orbital Command  
  17  1:55  Marine  
  18  2:15  Barracks Tech Lab, SCV, Supply Depot  
  19  2:27  SCV  
  20  2:33  Marine  
  21  2:39  SCV  
  22  2:51  SCV  
  23  2:59  Marauder  
  23  3:04  SCV  
  26  3:16  SCV  
  27  3:25  Marauder  
  29  3:50  Marauder  
  31  4:15  Marine  
  32  7:05  Marine, SCV  
  32  7:06  Supply Depot  
  34  7:09  Factory  
  34  7:12  Command Center  
  34  7:21  SCV  
  35  7:23  Marine  
  36  7:30  Supply Depot  
  36  7:33  SCV  
  34  7:41  Marine  
  28  7:54  Starport  
  28  7:58  Marine  
  29  8:16  Marine  
  30  8:25  SCV  
  31  8:30  SCV  
  31  8:31  Starport Tech Lab, Refinery  
  32  8:34  Marine  
  32  8:36  Refinery  
  32  8:37  SCV  
  34  8:42  SCV  
  35  8:49  SCV  
  35  8:50  Raven  
  35  8:52  Marine  
  35  8:54  SCV  
  40  9:01  SCV  
  41  9:06  SCV  
  42  9:10  Marauder  
  42  9:13  SCV  
  44  9:18  SCV  
  45  9:25  SCV  
  45  9:30  SCV  
  47  9:32  Marauder  
  47  9:33  Raven  
  47  9:37  SCV  
  52  9:42  SCV  
  53  9:50  SCV  
  54  9:53  Marauder  
  54  9:54  SCV  
  57  10:02  SCV  
  57  10:06  SCV  
  59  10:14  Marine, SCV  
  60  10:21  SCV  
  61  10:26  SCV  
  56  10:32  Marine  
  56  10:33  SCV  
  54  10:38  SCV  
  55  10:45  SCV  
  55  10:49  Marine  
  56  10:50  SCV  
  58  10:57  SCV  
  58  11:02  SCV  
  60  11:09  SCV  
  61  12:04  Medivac, Reaper  
  61  12:06  Engineering Bay  
  61  12:07  Supply Depot  
  50  12:32  Terran Infantry Armor Level 1  
  50  12:34  Medivac  
  50  12:36  Marine  
  53  12:38  Supply Depot  
  53  12:54  Marauder  
  55  13:00  Command Center  
  55  13:04  Raven  
  57  13:15  Marine  
  58  13:33  Marauder  
  60  13:55  Marauder  
  62  14:13  SCV  
  62  14:14  Refinery  
  62  14:16  Marine  
  64  14:17  SCV  
  64  14:20  Refinery  
  64  14:21  SCV  
  66  14:26  SCV  
  66  14:30  SCV  
  68  14:34  Marauder, SCV  
  71  14:39  SCV  
  72  14:54  Medivac  
  72  14:55  Marine  
  57  15:08  Hellion  
  57  15:12  SCV  
  56  15:16  Marine  
  56  15:21  SCV  
  39  15:24  Medivac  
  39  15:25  SCV  
  33  15:33  SCV  
  33  15:34  Marine  
  34  15:37  SCV  
  33  15:43  Hellion  
  33  15:45  SCV  
  33  15:46  Command Center  
  33  15:49  SCV  
  29  15:54  Refinery  
  21  16:02  Refinery  
Tags
 
Composition
MMM Bio
Matchup
TvT
Race
Terran
Spawn Locations
Cross Positions
Add a new tag
Caveats
  • Supply blocks, unpowered buildings, or Contaminate may cause inaccurate times.
  • Supply counts are checked every 10 seconds.